 Dungeon Crawl Stone Soup version 0.23-a0-536-g5e0f5a2 (webtiles) character file.

1901 MisterFreud the Grappler (level 8, 0/72 HPs)
             Began as a Troll Hunter on Dec 6, 2018.
             Slain by a hornet (8 damage)
             ... on level 5 of the Dungeon.
             The game lasted 00:09:34 (4199 turns).

MisterFreud the Grappler (Troll Hunter)             Turns: 4199, Time: 00:09:35

Health: 0/72       AC:  7    Str: 23    XL:     8   Next: 94%
Magic:  7/7        EV:  8    Int:  7    God:
Gold:   333        SH:  9    Dex: 10    Spells: 7/7 levels left

rFire    . . .     SeeInvis .     - Unarmed
rCold    . . .     Gourm    +   a - +0 shield
rNeg     . . .     Faith    .   b - +0 robe
rPois    .         Spirit   .   (helmet restricted)
rElec    .         Reflect  .   l - +1 cloak
rCorr    .         Harm     .   (gloves unavailable)
MR       .....                  (boots unavailable)
Stlth    +.........             n - amulet of the acrobat
HPRegen  0.62/turn              (no ring)
MPRegen  0.10/turn              (no ring)

@: slowed, very slow
A: large, unfitting armour, claws 3, fast metabolism 3, gourmand, regeneration
1, shaggy fur 1, tough skin 2
a: no special abilities


You were on level 5 of the Dungeon.
You were very full.

You visited 1 branch of the dungeon, and saw 5 of its levels.
You also visited: Sewer.

You collected 333 gold pieces.

Inventory:

Missiles
 c - 3 large rocks (quivered)
 d - 2 throwing nets
 e - 190 stones
Armour
 a - a +0 shield (worn)
 b - a +0 robe (worn)
 l - a +1 cloak (worn)
Jewellery
 n - an amulet of the acrobat (around neck)
Wands
 q - a wand of enslavement (6)
Scrolls
 h - 3 scrolls of teleportation
 i - 2 scrolls of fog
 j - 4 scrolls of identify
 s - a scroll of magic mapping
Potions
 g - 2 potions of heal wounds {unknown}
 k - a potion of brilliance {unknown}
 m - 4 potions of flight
 o - 2 potions of curing
 p - a potion of cancellation {unknown}
 r - a potion of ambrosia {unknown}
Comestibles
 f - 11 rations
 t - 8 chunks of flesh


   Skills:
 + Level 2.1 Fighting
 - Level 6.4 Throwing
 - Level 1.5 Dodging
 - Level 0.3 Stealth
 - Level 4.0 Shields
 - Level 8.4 Unarmed Combat


You had 7 spell levels left.
You didn't know any spells.
Your spell library was empty.

Dungeon Overview and Level Annotations

Branches:
Dungeon (5/15)
 Temple: D:4-7

Altars:
Elyvilon
Yredelemnul


Innate Abilities, Weirdness & Mutations

You are too large for most types of armour.
You have claws for hands.
Your metabolism is lightning-fast.
You like to eat raw meat.
Your natural rate of healing is unusually fast.
You are covered in fur. (AC +1)
You have very tough skin. (AC +2)


Message History

The hornet completely misses you.
The hornet stings you but does no damage.
The hornet closely misses you. You block the hornet's attack.
Throwing (i - inventory. (/) - cycle)
c - 4 large rocks (quivered)
Press: ? - help, Shift-Dir - straight line, f/p - hornet
Aim: a hornet (heavily wounded)
You throw a large rock.
The large rock closely misses the hornet.
You feel sick. The hornet stings you.
* * * LOW HITPOINT WARNING * * *
You feel as though you will be slow longer.
The hornet stings you.
* * * LOW HITPOINT WARNING * * *
You feel as though you will be slow longer.
You block the hornet's attack. x2
Okay, then.
Unknown command.
Unknown command.
You feel better. You block the hornet's attack. The hornet stings you!
You die...

##.#####.##.....# #
................#.#
............#...#.###
##.######...........#
...>..............#
.######..........#
#..##...####
#.######..##...#
(.....y@..##...#
#.######.####.## #.#
... #.# #### #?. ###


You could see a hornet.

Vanquished Creatures
  Pikel (D:4)
  Grinder (Sewer)
  A slave (D:4)
  2 phantoms (D:4)
  2 big kobolds (Sewer)
  2 scorpions (D:4)
  A quasit (Sewer)
  3 hounds
  3 orc priests (D:4)
  A bullfrog skeleton (D:5)
  3 orc wizards
  3 iguanas
  Ijyb (D:4)
  4 worker ants
  4 big kobold zombies (Sewer)
  6 adders
  4 gnolls (D:2)
  A shadow imp (Sewer)
  2 ufetubi (Sewer)
  An ooze (D:1)
  An adder skeleton (D:4)
  2 adder zombies (Sewer)
  4 worms
  A dart slug (D:1)
  4 leopard geckos
  16 orcs
  A ball python (Sewer)
  9 bats
  7 giant cockroaches
  5 goblins
  7 hobgoblins
  4 jackals
  3 quokkas
  5 frilled lizards
  A giant cockroach zombie (Sewer)
  26 kobolds
  9 rats
151 creatures vanquished.

Vanquished Creatures (others)
  A slave (D:4)
  2 fungi (D:4)
  4 toadstools (D:4)
7 creatures vanquished.

Grand Total: 158 creatures vanquished

Notes
Turn   | Place    | Note
-------+----------+-------------------------------------------
     0 | D:1      | MisterFreud the Troll Hunter began the quest for the Orb.
     0 | D:1      | Reached XP level 1. HP: 19/19 MP: 0/0
   105 | D:1      | Reached skill level 1 in Unarmed Combat
   200 | D:1      | Reached XP level 2. HP: 27/27 MP: 1/1
   303 | D:1      | Reached skill level 2 in Unarmed Combat
   760 | D:2      | Reached XP level 3. HP: 33/33 MP: 2/2
   846 | D:2      | Reached skill level 3 in Unarmed Combat
  1220 | D:2      | Reached XP level 4. HP: 41/41 MP: 3/3
  1225 | D:2      | Reached skill level 4 in Unarmed Combat
  2037 | D:3      | Reached XP level 5. HP: 44/48 MP: 4/4
  2111 | D:3      | Found a basalt altar of Yredelemnul.
  2480 | D:3      | Found a white marble altar of Elyvilon.
  2533 | D:4      | Reached skill level 5 in Unarmed Combat
  2675 | D:4      | Reached skill level 6 in Unarmed Combat
  2675 | D:4      | Reached XP level 6. HP: 51/55 MP: 5/5
  2821 | D:4      | Found a glowing drain.
  2831 | Sewer    | Entered a sewer
  2937 | Sewer    | Reached skill level 7 in Unarmed Combat
  2977 | Sewer    | Found a burning altar of Makhleb.
  2992 | Sewer    | Reached XP level 7. HP: 48/62 MP: 6/6
  3075 | Sewer    | Noticed Grinder
  3093 | Sewer    | Paralysed by Grinder for 6 turns
  3105 | Sewer    | Killed Grinder
  3105 | Sewer    | Reached skill level 8 in Unarmed Combat
  3380 | D:4      | Noticed Pikel
  3442 | D:4      | Killed Pikel
  3442 | D:4      | Reached XP level 8. HP: 41/70 MP: 7/7
  3503 | D:4      | Reached skill level 1 in Shields
  3512 | D:4      | Noticed Ijyb
  3535 | D:4      | Killed Ijyb
  4069 | D:5      | Entered Level 5 of the Dungeon
  4187 | D:5      | Noticed a hornet
  4190 | D:5      | Paralysed by a hornet for 2 turns
  4198 | D:5      | HP: 1/72 [hornet (6)]
  4199 | D:5      | Slain by a hornet

Vault maps used:
D:1:      mrwooster_arrival_arrow
D:3:      kennysheep_ying_yang, first_ration
D:4:      minmay_octagon_keep, cheibrodos_sewer_entry_bend, minivault_19,
          minmay_gold_behind_fungi, uniq_pikel, uniq_ijyb
D:5:      lemuel_doored_altar, temple_hall, uniq_grinder, uniq_sigmund
Sewer:    kennysheep_sewer_church

Skill      XL: |  1  2  3  4  5  6  7  8 |
---------------+-------------------------+-----
Unarmed Combat | 1 2 3 4 6 7 8 |  8.4
Throwing       | 6 |  6.4
Shields        | 4 |  4.0
Fighting       | 2 |  2.1
Dodging        | |  1.5
Stealth        | |  0.3

Action                   |  1- 3 |  4- 6 |  7- 9 || total
-------------------------+-------+-------+-------++-------
Melee: Unarmed           |    93 |   208 |   176 ||   477
       Punch             |     1 |     4 |     7 ||    12
Throw: Large rock        |       |       |     2 ||     2
  Use: Scroll            |       |     7 |       ||     7
       Potion            |       |       |     1 ||     1
 Stab: Sleeping          |     1 |     2 |       ||     3
  Eat: Chunk             |    16 |    13 |    15 ||    44
Armor: Robe              |    47 |    78 |    65 ||   190
Dodge: Dodged            |    60 |    97 |   103 ||   260
Block: Shield            |       |       |     8 ||     8

Table legend:
 A = Non-vault XP
 B = Vault XP
 C = Vault XP percentage of total XP
 D = Non-vault monster count
 E = Vault monster count
 F = Vault count percentage of total count
                 A         B        C        D         E       F
            +---------+---------+-------+---------+---------+-------
      Total |    1040 |    1677 |  61.7 |     104 |      46 |  30.7
            +---------+---------+-------+---------+---------+-------
        D:1 |      31 |       0 |   0.0 |      16 |       0 |   0.0
        D:2 |     127 |       0 |   0.0 |      25 |       0 |   0.0
        D:3 |      69 |       0 |   0.0 |      28 |       0 |   0.0
        D:4 |     598 |    1045 |  63.6 |      21 |      12 |  36.4
        D:5 |     215 |       0 |   0.0 |      14 |       0 |   0.0
      Sewer |       0 |     632 | 100.0 |       0 |      34 | 100.0
            +---------+---------+-------+---------+---------+-------
